 Dungeon Crawl Stone Soup version 0.23.0 (webtiles) character file.

Game seed: 10221959633348507087

107 magipi the Firebug (level 4, -1/24 HPs)
             Began as a Gargoyle Fire Elementalist on Feb 12, 2019.
             Shot with an arrow by a centaur (12 damage)
             ... on level 4 of the Dungeon.
             The game lasted 00:10:52 (2859 turns).

magipi the Firebug (Gargoyle Fire Elementalist)     Turns: 2859, Time: 00:10:53

Health: -1/24      AC:  6    Str: 12    XL:     4   Next: 86%
Magic:  7/7        EV: 17    Int: 16    God:
Gold:   132        SH:  0    Dex: 10    Spells: 0/8 levels left

rFire    . . .     SeeInvis +   b - +0 dagger
rCold    . . .     Gourm    .   (no shield)
rNeg     + . .     Faith    .   n - +1 robe
rPois    ∞         Spirit   .   (no helmet)
rElec    +         Reflect  .   (no cloak)
rCorr    .         Harm     .   (no gloves)
MR       .....                  (no boots)
Stlth    ++........             (no amulet)
HPRegen  0.08/turn              i - ring of see invisible
MPRegen  0.10/turn              w - +5 ring of evasion

@: no status effects
A: negative energy resistance 1, electricity resistance, unbreathing,
petrification resistance, rot immunity, AC +3
a: no special abilities


You were on level 4 of the Dungeon.
You were not hungry.

You visited 1 branch of the dungeon, and saw 4 of its levels.

You collected 132 gold pieces.

Inventory:

Hand Weapons
 a - a +1 spear
   (You found it on level 1 of the Dungeon)
 b - a +0 dagger (weapon)
   (You took it off a goblin on level 1 of the Dungeon)
Armour
 n - a +1 robe (worn)
Jewellery
 i - a ring of see invisible (left hand)
   (You found it on level 3 of the Dungeon)
 r - an uncursed amulet of the gourmand
   (You found it on level 2 of the Dungeon)
 w - a +5 ring of evasion (right hand)
   (You found it on level 3 of the Dungeon)
Scrolls
 d - a scroll of enchant armour
 f - a scroll of magic mapping
 s - a scroll of teleportation
 t - 2 scrolls of enchant weapon
Potions
 e - 2 potions of berserk rage
 k - a potion of degeneration {unknown}
 m - 2 potions of haste
 o - a potion of flight {unknown}
 p - 4 potions of curing
 u - a potion of cancellation {unknown}
 z - 2 potions of lignification {unknown}
Comestibles
 c - 5 rations
 v - 2 chunks of flesh


   Skills:
 - Level 1.5 Dodging
 - Level 2.1 Stealth
 + Level 2.6 Spellcasting
 * Level 3.2 Conjurations
 * Level 4.1 Fire Magic


You couldn't memorise any spells.
You knew the following spells:

 Your Spells              Type           Power        Failure   Level  Hunger
a - Flame Tongue          Conj/Fire      ##...        4%          1    #......
c - Conjure Flame         Conj/Fire      ##......     13%         3    ###....
y - Sticky Flame          Conj/Fire      ##......     41%         4    #####..

Your spell library contained the following spells:

 Spells                   Type           Power        Failure   Level  Hunger
 Throw Flame              Conj/Fire      ##....       7%          2    ##.....
 Beastly Appendage        Tmut           #.....       21%         1    #......
 Inner Flame              Hex/Fire       #.......     26%         3    ###....
 Sticks to Snakes         Tmut           #.......     30%         2    ##.....
 Spider Form              Tmut/Pois      #.........   52%         3    ###....
 Fireball                 Conj/Fire      ##........   77%         5    ######.
 Ice Form                 Ice/Tmut       #.......     89%         4    #####..
 Blade Hands              Tmut           #.........   99%         5    ######.


Dungeon Overview and Level Annotations

Branches:
Dungeon (4/15)             Temple (0/1) D:4

Altars:
Dithmenos
Nemelex Xobeh
Vehumet


Innate Abilities, Weirdness & Mutations

You are resistant to torment.
Your stone body is resilient. (AC +3)
You are immune to poison.
You resist negative energy. (rN+)
You are resistant to electric shocks. (rElec)
You can survive without breathing.
You are immune to petrification.
You are immune to rotting.


Message History

Put on which piece of jewellery? (? for menu, Esc to quit)
w - a +5 ring of evasion (left hand) Put on which piece of jewellery? (? for menu, Esc to quit)
You feel slightly jumpy.
Oops, that ring feels deathly cold.
j - a cursed ring of teleportation (right hand) Put on which piece of jewellery? (? for menu, Esc to quit)
You remove your +5 ring of evasion.
p - a ring of see invisible (left hand) Adjust (i)tems, (s)pells, or (a)bilities?
Adjust which item? (? for menu, Esc to quit)
p - a ring of see invisible (left hand) Adjust to which letter? (? for menu, Esc to quit)
i - a ring of see invisible (left hand);
p - 4 potions of curing
Okay, then.
Wear which item? (? for menu, Esc to quit)
Okay, then.
As you read the scroll of remove curse, it crumbles to dust.
You feel as if something is helping you.
Drop what? 20/52 slots (_ for help) (? for menu, Esc to quit)
You remove your ring of teleportation.
You drop an uncursed ring of teleportation.
Put on which piece of jewellery? (? for menu, Esc to quit)
w - a +5 ring of evasion (right hand) Unknown command.
Found a stone staircase leading down.
You open the door.
There is an open door here.
There is a stone staircase leading down here.
Found 16 bolts.
You see here 16 bolts.
An adder comes into view.
Found a leather armour.
Casting: Flame Tongue (safe; 4% risk of failure)
Confirm with . or Enter, or press ? or * to list all spells.
Aiming: Flame Tongue (safe; 4% risk of failure)
Press: ? - help, Shift-Dir - straight line, f - adder
Aim: an adder (resting)
The flame tongue hits the adder.
The adder is lightly wounded.
The adder hisses angrily.
Unknown command.
Casting: Flame Tongue (safe; 4% risk of failure)
Confirm with . or Enter, or press ? or * to list all spells.
Aiming: Flame Tongue (safe; 4% risk of failure)
Press: ? - help, Shift-Dir - straight line, f/p - adder
Aim: an adder (lightly wounded)
The flame tongue hits the adder.
The adder is severely wounded.
The adder bites you.
Unknown command.
Casting: Flame Tongue (safe; 4% risk of failure)
Confirm with . or Enter, or press ? or * to list all spells.
Aiming: Flame Tongue (safe; 4% risk of failure)
Press: ? - help, Shift-Dir - straight line, f/p - adder
Aim: an adder (severely wounded)
The flame tongue misses the adder.
The adder barely misses you.
Unknown command.
Casting: Flame Tongue (safe; 4% risk of failure)
Confirm with . or Enter, or press ? or * to list all spells.
Aiming: Flame Tongue (safe; 4% risk of failure)
Press: ? - help, Shift-Dir - straight line, f/p - adder
Aim: an adder (severely wounded)
The flame tongue hits the adder!
You kill the adder!
Unknown command.
Found a radiant altar of Vehumet.
You see here an adder corpse.
You butcher the adder corpse.
v - 3 chunks of flesh (gained 1)
You see here an adder skeleton.
You see here an adder skeleton.
You see here an adder skeleton.
You open the door.
A giant cockroach comes into view.
Found a rapier.
A worker ant and a centaur come into view.
Found 17 sling bullets.
There is an open door here.
Some of the chunks of flesh in your inventory have rotted away.
Unknown command.
There is an open door here.
The centaur wields a +0 shortbow.
The centaur shoots an arrow.
The arrow hits you.
You see here an arrow.
Unknown command.
The centaur shoots an arrow.
The arrow barely misses you.
You see here an arrow.
The centaur shoots an arrow.
The arrow barely misses you.
You see here 2 arrows.
Unknown command.
The centaur shoots an arrow.
The arrow hits you!
You see here an arrow.
The centaur shoots an arrow.
The arrow hits you.
You see here an arrow.
The centaur shoots an arrow.
The arrow completely misses you.
You see here an arrow.
The centaur shoots an arrow.
The arrow barely misses you.
The centaur shoots an arrow.
The arrow hits you!
Ouch! That really hurt!
You die...

*,,***********,*,***,....#,*****#
*,,,,,,,,,,,,,,*,,,+......,,,,* *
*,,,,,,,*****#######.....#***** *
*,,,,,,,* #.........### *,,,*****
*,###.......# *,,,*
*#######.#.cas.....# *,,,*
#........#(#.......# *,,,*
#........#(#.a..(..# *,,,*
#........#@#.c.....# *,,,*
#........#(#.......# ## *,,,*
#........#.#.......#*****#.
*,,,**#........#.#........,,,,*#.
*,,,,,+........#.#.......,,,,,*#.
******#.......##.######,..,,,,*#.
#...................,,,,*#.
#.........#...#.....,,,,*#.
########.###.###......,,*##


You could see a centaur.

Vanquished Creatures
  3 adders
  An ooze (D:1)
  A worm (D:2)
  3 dart slugs
  3 leopard geckos
  5 orcs (D:3)
  10 bats
  A giant cockroach (D:3)
  9 goblins
  5 hobgoblins
  7 frilled lizards
  6 kobolds
  4 rats
58 creatures vanquished.

Notes
Turn   | Place    | Note
-------+----------+-------------------------------------------
     0 | D:1      | magipi the Gargoyle Fire Elementalist began the quest for
                  | the Orb.
     0 | D:1      | Reached XP level 1. HP: 10/10 MP: 3/3
   271 | D:1      | Reached XP level 2. HP: 15/15 MP: 3/5
   671 | D:1      | Reached XP level 3. HP: 19/19 MP: 4/6
   894 | D:1      | Learned a level 3 spell: Conjure Flame
  1662 | D:2      | Reached XP level 4. HP: 24/24 MP: 5/7
  2243 | D:3      | Found a shadowy altar of Dithmenos.
  2451 | D:3      | Reached skill level 4 in Fire Magic
  2624 | D:3      | Learned a level 4 spell: Sticky Flame
  2690 | D:3      | Found a sparkling altar of Nemelex Xobeh.
  2818 | D:4      | Found a radiant altar of Vehumet.
  2848 | D:4      | Noticed a centaur
  2859 | D:4      | Shot with an arrow by a centaur

Skill      XL: |  1  2  3  4 |
---------------+-------------+-----
Conjurations   | 2 3 |  3.2
Fire Magic     | 4 |  4.1
Dodging        | |  1.5
Stealth        | |  2.1
Spellcasting   | |  2.6

Action                   |  1- 3 |  4- 6 || total
-------------------------+-------+-------++-------
Melee: Short sword       |     3 |       ||     3
       Dagger            |     1 |     7 ||     8
       Spear             |    31 |     5 ||    36
 Cast: Flame Tongue      |    56 |    39 ||    95
  Use: Scroll            |       |    13 ||    13
 Stab: Sleeping          |     1 |       ||     1
  Eat: Chunk             |     3 |     4 ||     7
Armor: Robe              |    17 |    14 ||    31
Dodge: Dodged            |    28 |    34 ||    62

Action                   |  1- 3 |  4- 6 || total
-------------------------+-------+-------++-------
Melee: Short sword       |     3 |       ||     3
       Dagger            |     1 |     7 ||     8
       Spear             |    31 |     5 ||    36
 Cast: Flame Tongue      |    56 |    39 ||    95
  Use: Scroll            |       |    13 ||    13
 Stab: Sleeping          |     1 |       ||     1
  Eat: Chunk             |     3 |     4 ||     7
Armor: Robe              |    17 |    14 ||    31
Dodge: Dodged            |    28 |    34 ||    62
